Map: Disco Bloodbath LE

Players

Denver

  • Race: Zerg Zerg
  • Spawn Location: 9:00

JonSnow - Winner!

  • Race: Zerg Zerg
  • Spawn Location: 3:00

VOD

Have the link to the VOD?

Description

Time

  • Played on: Sept. 6, 2019, 3:45 p.m.
  • Length: 6:55
Show
View Real Time Build Order
Export as new Build Order

Denver Zerg 

Build Orders: Hatch First 

Get SALT Encoding   

  12  0:01  Drone  
  13  0:13  Overlord  
  13  0:17  Drone  
  14  0:32  Drone x2  
  16  0:48  Hatchery  
  15  0:51  Drone  
  15  0:55  Drone  
  17  0:59  Drone  
  18  1:10  Extractor  
  17  1:14  Spawning Pool  
  17  1:17  Drone  
  17  1:20  Drone  
  18  1:28  Drone  
  19  1:39  Drone  
  20  1:50  Drone  
  21  2:01  Overlord, Drone  
  21  2:02  Queen x2  
  26  2:10  Metabolic Boost  
  26  2:12  Drone  
  26  2:14  Zergling x2  
  28  2:21  Drone  
  29  2:32  Hatchery  
  29  2:35  Drone  
  29  2:37  Drone  
  29  2:40  Drone  
  31  2:47  Queen  
  33  2:55  Baneling Nest  
  33  2:57  Overlord  
  32  3:01  Drone  
  32  3:03  Drone  
  33  3:06  Zergling x4  
  35  3:13  Overlord  
  35  3:17  Overlord  
  35  3:18  Drone  
  36  3:20  Drone  
  36  3:22  Zergling x2  
  38  3:33  Drone x4  
  42  3:38  Evolution Chamber  
  42  3:39  Baneling x2  
  41  3:41  Zergling x4  
  41  3:44  Drone  
  41  3:45  Drone  
  41  3:46  Drone  
  47  3:48  Drone  
  47  3:51  Drone  
  47  3:55  Drone x2  
  49  4:01  Drone x3  
  49  4:02  Drone  
  49  4:10  Drone x2  
  49  4:13  Zerg Missile Weapons Level 1  
  49  4:15  Drone  
  49  4:16  Drone x3  
  55  4:20  Overlord  
  55  4:24  Lair  
  55  4:27  Drone x2  
  57  4:31  Overlord, Extractor  
  57  4:32  Extractor  
  57  4:35  Drone x2  
  57  4:37  Overlord  
  57  4:43  Overlord  
  57  4:44  Drone  
  57  4:45  Drone x3  
  61  4:49  Overlord  
  61  4:53  Roach Warren  
  61  4:56  Zergling x8  
  61  4:59  Drone  
  65  5:00  Drone  
  65  5:01  Drone x2  
  68  5:08  Zergling x2, Baneling x2  
  68  5:09  Zergling x4  
  71  5:16  Zergling x2  
  71  5:17  Drone  
  71  5:18  Drone  
  69  5:24  Drone  
  69  5:28  Overseer  
  65  5:29  Pneumatized Carapace  
  65  5:30  Drone x2  
  65  5:31  Drone x2  
  65  5:32  Extractor  
  69  5:35  Drone  
  69  5:39  Drone x5  
  69  5:40  Extractor  
  69  5:42  Extractor  
  72  5:47  Overlord  
  72  5:52  Roach x3  
  72  5:53  Hatchery  
  77  5:58  Baneling x2  
  77  5:59  Roach x2  
  77  6:02  Roach x2  
  77  6:03  Roach  
  87  6:06  Roach  
  87  6:11  Overlord  
  87  6:12  Roach x3  
  87  6:13  Spine Crawler  
  87  6:16  Spine Crawler  
  91  6:20  Roach x2  
  91  6:21  Roach  
  91  6:24  Overlord x2  
  96  6:31  Roach  
  96  6:32  Roach x2  
Show
View Real Time Build Order
Export as new Build Order

JonSnow Zerg - Winner!

Build Orders: Hatch First 

Get SALT Encoding   

  12  0:01  Drone  
  13  0:13  Overlord  
  13  0:17  Drone  
  14  0:32  Drone x2  
  16  0:47  Hatchery  
  15  0:52  Drone  
  15  0:56  Drone  
  17  0:59  Drone  
  18  1:10  Extractor  
  17  1:14  Spawning Pool  
  17  1:17  Drone  
  17  1:24  Drone  
  18  1:32  Drone  
  19  1:39  Drone  
  20  1:50  Overlord  
  20  2:01  Queen x2  
  20  2:02  Zergling x2  
  20  2:04  Drone  
  26  2:10  Metabolic Boost  
  26  2:11  Drone  
  26  2:13  Drone  
  28  2:21  Drone  
  29  2:26  Drone  
  30  2:35  Hatchery  
  29  2:44  Drone  
  29  2:45  Queen  
  32  2:53  Baneling Nest  
  32  2:54  Drone x2  
  33  3:05  Overlord  
  33  3:06  Drone x3  
  36  3:19  Overlord  
  36  3:26  Zergling x8  
  40  3:28  Drone  
  40  3:29  Drone  
  40  3:33  Drone  
  43  3:40  Drone  
  44  3:42  Drone  
  44  3:44  Evolution Chamber  
  44  3:48  Baneling x2  
  44  3:49  Drone  
  44  3:53  Drone  
  44  3:54  Drone  
  47  3:56  Lair  
  47  3:58  Drone  
  47  3:59  Drone x3  
  51  4:05  Zergling x4  
  51  4:08  Extractor x2  
  47  4:10  Zergling x2  
  47  4:14  Drone  
  47  4:16  Drone  
  50  4:21  Roach Warren  
  50  4:22  Drone  
  50  4:23  Overlord  
  50  4:24  Drone x3  
  50  4:29  Drone, Zerg Missile Weapons Level 1  
  50  4:30  Drone  
  55  4:32  Drone  
  55  4:33  Drone  
  57  4:42  Drone x2  
  57  4:43  Overlord  
  57  4:44  Drone  
  60  4:46  Drone x3  
  60  4:52  Overlord x2  
  63  4:57  Extractor  
  63  4:58  Overseer, Extractor  
  61  5:01  Glial Reconstitution  
  61  5:04  Drone x5  
  66  5:15  Nydus Network  
  66  5:16  Roach x2  
  66  5:20  Roach  
  70  5:21  Overlord  
  70  5:27  Roach x3  
  73  5:29  Overlord  
  73  5:30  Overlord  
  73  5:31  Drone x2  
  73  5:32  Drone  
  76  5:36  Roach x2  
  76  5:37  Roach  
  76  5:41  Overlord  
  82  5:47  Roach x3  
  82  5:49  Roach  
  90  5:50  Roach  
  90  5:53  Overlord  
  90  5:56  Roach x2  
  96  5:58  Roach  
  96  6:00  Roach  
  99  6:05  Roach x2  
  99  6:08  Nydus Canal  
  103  6:11  Roach x2  
  103  6:13  Roach  
  103  6:14  Roach  
  103  6:17  Roach  
  111  6:19  Roach  
  111  6:23  Nydus Canal, Roach x2  
  113  6:27  Roach x2  
  113  6:31  Roach  
Tags
 
Add a new tag
Caveats
  • Supply blocks, unpowered buildings, or Contaminate may cause inaccurate times.
  • Supply counts are checked every 10 seconds.